 Dungeon Crawl Stone Soup version 0.27.0-1-g7a089689b8 (webtiles) character file.

Game seed: 13535678856447166043

332 wingedge the Digger (level 6, -1/43 HPs)
             Began as a Human Earth Elementalist on Aug 7, 2021.
             Slain by Pikel (7 damage)
             ... on level 3 of the Dungeon on Aug 9, 2021.
             The game lasted 00:27:40 (3449 turns).

wingedge the Digger (Human Earth Elementalist)      Turns: 3449, Time: 00:27:41

Health: -1/43      AC:  3    Str:  8    XL:     6   Next: 82%
Magic:  10/18      EV: 12    Int: 18    God:
Gold:   91         SH:  0    Dex: 13    Spells: 5/10 levels left

rFire    . . .     SeeInvis .   v - +3 hand axe of Kolaywuf {chaos, rN++ MP+9}
rCold    . . .     Faith    .   (no shield)
rNeg     + + .     Spirit   .   b - +1 robe
rPois    .         Reflect  .   (no helmet)
rElec    .         Harm     .   (no cloak)
rCorr    .         Rampage  .   (no gloves)
Will     .....                  (no boots)
Stlth    ++........             d - amulet of regeneration
HPRegen  1.14/turn              (no ring)
MPRegen  0.16/turn              (no ring)

@: no status effects
A: no striking features
a: no special abilities


You were on level 3 of the Dungeon.
You visited 1 branch of the dungeon, and saw 4 of its levels.

You collected 91 gold pieces.

Inventory:

Hand Weapons
 i - a +1 dagger of venom
 o - a +2 short sword of speed
 r - a +0 whip of electrocution
 v - the +3 hand axe of Kolaywuf (weapon) {chaos, rN++ MP+9}
   (You found it on level 4 of the Dungeon)

   Each time it hits an enemy it has a different, random effect.
   rN:        It greatly protects you from negative energy.
   MP:        It affects your magic capacity (+9).
Missiles
 c - 26 stones
 j - 7 atropa-tipped darts
 k - a throwing net
Armour
 b - a +1 robe (worn)
Jewellery
 d - an amulet of regeneration (around neck)
Wands
 p - a wand of polymorph (3)
Scrolls
 a - a scroll of brand weapon
 s - a scroll of holy word {unknown}
 u - a scroll of immolation {unknown}
Potions
 f - a potion of invisibility {unknown}
 g - a potion of haste {unknown}
 l - 2 potions of flight
 n - a potion of magic {unknown}
 q - a potion of curing {unknown}


   Skills:
 + Level 1.5 Fighting
 - Level 1.7 Short Blades
 * Level 0.0 Axes
 + Level 2.9 Dodging
 + Level 2.9 Stealth
 + Level 2.5 Spellcasting
 * Level 2.6 Conjurations
 - Level 1.4 Transmutations
 * Level 1.2 Ice Magic
 * Level 4.0 Earth Magic


You had 5 spell levels left.
You knew the following spells:

 Your Spells              Type           Power      Damage    Failure   Level
a - Sandblast             Erth           34%        2d9       3%          1
b - Sting                 Tmut/Pois      16%        1d3       13%         1
c - Stone Arrow           Conj/Erth      28%        3d8       13%         3

Your spell library contained the following spells:

 Spells                   Type           Power      Damage    Failure   Level
 Passwall                 Tmut/Erth      10%        N/A       9%          2
 Animate Skeleton         Necr           4%         N/A       17%         1
 Poisonous Vapours        Pois/Air       4%         N/A       26%         2
 Slow                     Hex            2%         N/A       26%         2
 Frozen Ramparts          Ice            12%        1d3       30%         3
 Ozocubu's Armour         Ice            6%         N/A       30%         3
 Confusing Touch          Hex            2%         N/A       45%         3
 Petrify                  Tmut/Erth      12%        N/A       47%         4
 Summon Ice Beast         Ice/Summ       4%         N/A       78%         4
 Olgreb's Toxic Radiance  Pois           2%         N/A       86%         4
 Yara's Violent Unravell  Hex/Tmut       2%         3d3       98%         5


Dungeon Overview and Level Annotations

Branches:
Dungeon (4/15)
 Temple: D:4-7

Altars:

Shops:
D:1 *

Annotations:
D:3 Pikel
D:4 Eustachio, Menkaure, Robin


Message History

Pikel hits you with a +1 whip of freezing!
Pikel freezes you.
Casting: Stone Arrow (dangerous; 13% risk of failure)
Confirm with . or Enter, or press ? or * to list all spells.
Aiming: Stone Arrow (dangerous; 13% risk of failure)
Press: ? - help, Shift-Dir - straight line, f/p - Pikel
Aim: Pikel, wielding a +1 whip of freezing and wearing a +0 robe (lightly wounded, 60% to hit)
The stone arrow misses Pikel.
Pikel hits you with a +1 whip of freezing.
Pikel freezes you.
Casting: Stone Arrow (dangerous; 13% risk of failure)
Confirm with . or Enter, or press ? or * to list all spells.
Aiming: Stone Arrow (dangerous; 13% risk of failure)
Press: ? - help, Shift-Dir - straight line, f/p - Pikel
Aim: Pikel, wielding a +1 whip of freezing and wearing a +0 robe (lightly wounded, 60% to hit)
The stone arrow hits Pikel!
Pikel is moderately wounded.
Pikel barely misses you.
You hit Pikel but do no damage.
Pikel is moderately wounded.
Pikel says, "You'll make a fine lemure."
Pikel hits you with a +1 whip of freezing!
* * * LOW HITPOINT WARNING * * *
Pikel freezes you.
* * * LOW HITPOINT WARNING * * *
You closely miss Pikel.
Pikel is moderately wounded.
Pikel hits you with a +1 whip of freezing!
* * * LOW HITPOINT WARNING * * *
Pikel freezes you.
* * * LOW HITPOINT WARNING * * *
Pikel closely misses you.
Your magical contamination has completely faded away.
You hit Pikel.
Pikel is moderately wounded.
Pikel barely misses you.
You closely miss Pikel.
Pikel is moderately wounded.
Pikel hits you with a +1 whip of freezing!
You die...

..# #.....##.##.#
#............. ..#
#.....##..#.#
#..######..... ..#
#.....###.#.###..####
#..... ..# #####.#
#.#.#.......# #..).. ###
#.# #...#.#..#### #.....
#.####..#.#.############
#.........#.# #.........
###.....###.###.........
#....@'.....#.........
#...K.###.#.#.........
#####
#.........#.#.........
#...#
#......####.#.........
#...#
#......####.#..)......
#...#
#.........#...........
#...#
#########.#.#.........
######...#
###.###.####...#
.........#
#...###.####.#.#


You could see Pikel.

Vanquished Creatures
  A necrophage (D:4)
  An ogre (D:4)
  2 lemures (D:3)
  An orc wizard (D:4)
  3 adders
  3 worms (D:2)
  2 dart slugs (D:2)
  7 orcs
  A bat skeleton (D:2)
  3 endoplasms
  5 giant cockroaches
  5 goblins
  9 hobgoblins
  7 jackals
  7 kobolds
  6 quokkas
  6 ball pythons
  7 bats
  6 frilled lizards
  A rat (D:1)
83 creatures vanquished.

Vanquished Creatures (collateral kills)
  A quokka (D:4)
1 creature vanquished.

Grand Total: 84 creatures vanquished

Notes
Turn   | Place    | Note
-------+----------+-------------------------------------------
     0 | D:1      | wingedge the Human Earth Elementalist began the quest for
                  | the Orb.
     0 | D:1      | Reached XP level 1. HP: 13/13 MP: 3/3
   181 | D:1      | Reached XP level 2. HP: 17/19 MP: 0/5
   324 | D:1      | Found a faded altar of an unknown god.
   329 | D:1      | Got Plato's Collected Works on Necromancy
   551 | D:1      | Reached XP level 3. HP: 25/25 MP: 4/6
   575 | D:1      | Reached skill level 1 in Conjurations
   835 | D:1      | Found Keicufa's General Store.
  1119 | D:2      | Reached XP level 4. HP: 31/31 MP: 5/7
  1415 | D:2      | Reached skill level 1 in Short Blades
  2009 | D:3      | Got Ammaqa's Handbook of the Snowflakes
  2240 | D:3      | Learned a level 1 spell: Sting
  2559 | D:3      | Reached skill level 1 in Fighting
  2602 | D:3      | Reached XP level 5. HP: 34/37 MP: 6/8
  2741 | D:4      | Noticed a necrophage
  2759 | D:4      | Killed a necrophage
  2760 | D:4      | Reached XP level 6. HP: 42/43 MP: 2/9
  2861 | D:4      | Learned a level 3 spell: Stone Arrow
  2868 | D:4      | Noticed an ogre
  2874 | D:4      | Killed an ogre
  2875 | D:4      | Reached skill level 1 in Ice Magic
  2875 | D:4      | Reached skill level 4 in Earth Magic
  2973 | D:4      | Identified the -6 cloak of the Pleiades {rPois rN+ Dex-4}
  2991 | D:4      | Identified the +3 hand axe of Kolaywuf {chaos, rN++ MP+9}
  3128 | D:4      | Noticed Eustachio
  3128 | D:4      | Noticed Robin
  3193 | D:4      | Noticed Pikel
  3237 | D:4      | HP: 1/43 [lemure[Pikel] (8)]
  3434 | D:4      | Noticed Menkaure
  3449 | D:3      | Slain by Pikel

Illustrated notes

Levels and vault maps discovered:
D:1:      roderic_chinese_lattice_arrival, layout_rooms, serial_rivers,
          chequers_serial_rivers_micro_e, chequers_serial_rivers_room_b,
          chequers_serial_rivers_small_a, chequers_serial_rivers_small_b,
          shapermc_ecumenical_altar_rom_forum, serial_shops, nicolae_shop_stone,
          minmay_close_crescents
D:2:      minmay_kobold_bridge, layout_loops_corners, minmay_tetromino_t2
D:3:      layout_basic, st_stairs_14
D:4:      layout_basic, uniq_eustachio, uniq_pikel, uniq_robin, uniq_menkaure

Skill      XL: |  1  2  3  4  5  6 |
---------------+-------------------+-----
Conjurations   | 1 2 |  2.6
Short Blades   | 1 |  1.7
Fighting       | 1 |  1.5
Ice Magic      | 1 |  1.2
Earth Magic    | 4 |  4.0
Dodging        | |  2.9
Stealth        | |  2.9
Spellcasting   | |  2.5
Transmutations | |  1.4

Action                   |  1- 3 |  4- 6 || total
-------------------------+-------+-------++-------
Melee: Short sword       |    32 |       ||    32
       Dagger            |    26 |    80 ||   106
       Hand axe          |       |    34 ||    34
 Cast: Sandblast         |    35 |    38 ||    73
       Sting             |       |     2 ||     2
       Stone Arrow       |       |    14 ||    14
  Use: Scroll            |       |     5 ||     5
       Potion            |       |     2 ||     2
 Stab: Sleeping          |     1 |     2 ||     3
       Paralysed         |       |     3 ||     3
Armor: Robe              |    12 |    25 ||    37
Dodge: Dodged            |    38 |    81 ||   119
